 Dungeon Crawl Stone Soup version 0.16.1-28-gcc2312f (webtiles) character file.

213 Hanyuu the Insei (level 5, 0/34 HPs)
             Began as an Octopode Transmuter on May 29, 2015.
             Succumbed to a scorpion's poison
             ... on level 4 of the Dungeon.
             The game lasted 00:06:51 (2528 turns).

Hanyuu the Insei (Octopode Transmuter)              Turns: 2528, Time: 00:06:51

Health: 0/34       AC:  3    Str: 14    XL:     5   Next: 90%
Magic:  9/9        EV: 18    Int: 16    God:
Gold:   148        SH:  0    Dex: 18    Spells: 3 memorised, 2 levels left

rFire  . . .     SeeInvis .       - Unarmed
rCold  . . .     Clarity  .     (no shield)
rNeg   . . .     SustAb   .     e - +2 hat
rPois  .         Gourm    .     (no amulet)
rElec  .         Spirit   .     (no ring)
rCorr  .         Warding  .     (no ring)
rMut   .         Stasis   .     (no ring)
MR     .....                    (no ring)
Stlth  ++++......               (no ring)
                                (no ring)
                                (no ring)
                                (no ring)

@: mighty, agile, lethally poisoned (0 -> -2), not resistant to hostile
enchantments, stealthy
A: almost no armour, amphibious, 8 rings, constrict 8, camouflage 1, gelatinous
body 1
a: no special abilities


You were on level 4 of the Dungeon.
You were hungry.

You visited 1 branch of the dungeon, and saw 4 of its levels.

You collected 148 gold pieces.

Inventory:

Missiles
 b - 35 arrows
 l - 15 poisoned needles
Armour
 e - a +2 hat (worn)
Scrolls
 i - 2 scrolls of amnesia {unknown}
 j - 4 scrolls of identify {unknown}
 k - a scroll of teleportation {unknown}
 n - a scroll of remove curse {unknown}
 p - a scroll of recharging {unknown}
Potions
 m - a potion of brilliance
Books
 d - a book of Changes

   Spells                             Type                      Level
   a - Beastly Appendage              Transmutation                1
   b - Sticks to Snakes               Transmutation                2
   c - Spider Form                    Transmutation/Poison         3
   d - Ice Form                       Ice/Transmutation            4
   e - Blade Hands                    Transmutation                5
Comestibles
 a - 2 bread rations
 c - a chunk of flesh
 g - a meat ration


   Skills:
 - Level 2.0 Fighting
 - Level 2.0 Dodging
 * Level 5.5 Unarmed Combat
 - Level 2.0 Spellcasting
 + Level 3.1 Transmutations


You had 2 spell levels left.
You knew the following spells:

 Your Spells              Type           Power        Failure   Level  Hunger
a - Beastly Appendage     Trmt           ##....       8%          1    #......
b - Sticks to Snakes      Trmt           ##........   10%         2    ###....
c - Spider Form           Trmt/Pois      #.........   34%         3    ###....


Dungeon Overview and Level Annotations

Branches:
Dungeon (4/15)
 Temple: D:4-7

Altars:


Innate Abilities, Weirdness & Mutations

You cannot wear most types of armour.
You are amphibious.
You can wear up to eight rings at the same time.
You can use your tentacles to constrict many enemies at once.
Your skin changes colour to match your surroundings (Stealth).
Your rubbery body absorbs attacks (AC +1).


Message History

There is a lethal amount of poison in your body!
There is a lethal amount of poison in your body!
Drop what? 13/52 slots (_ for help) (? for menu, Esc to quit)
Okay, then.
* * * LOW HITPOINT WARNING * * *
You feel sick.
* * * LOW HITPOINT WARNING * * *
You feel sick.
An ogre comes into view. It is wielding a giant club.
* * * LOW HITPOINT WARNING * * *
You feel sick.
* * * LOW HITPOINT WARNING * * *
You feel sick.
* * * LOW HITPOINT WARNING * * *
You feel sick.
There is a lethal amount of poison in your body!
There is a lethal amount of poison in your body!
* * * LOW HITPOINT WARNING * * *
You feel sick.
You die...

#.# #.#
#........####..O. #$.#
#.#####.......###...
#..##.##..............#
#.......###...[..#####
......#....###.......#
...####...)# #.......#
.. #....# #.......#
#....# ##.....## #....#
##@<.## #....# #####
##..## ####


There were no monsters in sight!

Vanquished Creatures
  A scorpion (D:4)
  2 orc wizards (D:3)
  4 adders
  2 worms (D:2)
  An ooze (D:1)
  2 orcs (D:3)
  A ball python (D:3)
  3 bats
  6 giant cockroaches
  8 hobgoblins
  6 jackals
  9 kobolds
  2 giant geckos (D:1)
  4 giant newts
  5 goblins
  6 rats
62 creatures vanquished.

Notes
Turn   | Place    | Note
--------------------------------------------------------------
     0 | D:1      | Hanyuu, the Octopode Transmuter, began the quest for the Orb.
     0 | D:1      | Reached XP level 1. HP: 13/13 MP: 3/3
   258 | D:1      | Reached XP level 2. HP: 18/18 MP: 4/4
   867 | D:1      | Reached skill level 4 in Unarmed Combat
   880 | D:1      | Reached XP level 3. HP: 23/23 MP: 6/6
   884 | D:1      | Learned a level 2 spell: Sticks to Snakes
   888 | D:1      | Learned a level 3 spell: Spider Form
  1572 | D:2      | Reached XP level 4. HP: 29/29 MP: 5/7
  1922 | D:3      | HP: 1/29 [orc/dagger (2)]
  1924 | D:3      | Reached skill level 5 in Unarmed Combat
  1924 | D:3      | Reached XP level 5. HP: 1/34 MP: 6/9
  2512 | D:4      | Noticed an ogre
  2520 | D:4      | HP: 1/34 [poisoned by a scorpion]
  2528 | D:4      | Succumbed to a scorpion's poison

Action                   |  1- 3 |  4- 6 || total
-------------------------+-------+-------++-------
Melee: Unarmed           |    90 |    74 ||   164
 Cast: Beastly Appendage |     7 |     3 ||    10
       Spider Form       |       |     2 ||     2
  Use: Potion            |       |     6 ||     6
 Stab: Sleeping          |     2 |     1 ||     3
  Eat: Chunk             |     2 |     3 ||     5
